 Dungeon Crawl Stone Soup version 0.29.1-4-g47bece8355 (webtiles) character file.

Game seed: 3652224863523002860

2173159 JJPlayz the Slayer (level 27, 261/261 HPs)
             Began as a Naga Fighter on Dec 3, 2022.
             Was a High Priest of Okawaru.
             Escaped with the Orb
             ... and 4 runes on Dec 10, 2022!
             The game lasted 04:22:10 (81894 turns).

JJPlayz the Slayer (Naga Fighter)                  Turns: 81894, Time: 04:22:11

Health: 261/261    AC: 66    Str: 42    XL:     27
Magic:  37/37      EV: 28    Int: 12    God:    Okawaru [*****.]
Gold:   5624       SH: 41    Dex: 31    Spells: 26/26 levels left

rFire   + . .      SeeInvis +   b - +9 eveningstar (holy)
rCold   + + +      Faith    .   d - +12 tower shield "Pawunemi" {rPois Dex+2}
rNeg    + + .      Spirit   .   c - +8 gold dragon scales
rPois   +          Reflect  .   p - +0 helmet "Udo Adae" {Str+5}
rElec   .          Harm     .   m - +1 cloak of Starlight {*Dazzle EV+4 Stlth--}
rCorr   .          Rampage  .   y - +1 pair of gloves
Will    +++..      Clarity  +   R - +10 Black Knight's barding {ponderous, rPois rN+}
Stlth   .......... NoCast   +   A - amulet "Joafrono" {-Cast rC++ Regen+ Dex+9 Stlth-}
HPRegen 1.33/turn               r - ring "Xuf Quck" {Str+4 Int+6 Dex+6}
MPRegen 0.25/turn               D - ring "Natu" {Fly rN+ Str+3}

@: heroic, flying, very slow
A: AC +9, large, see invisible, deformed body, poison resistance, slowness 2,
spit poison 1, naga tail 2, stinger 1, iridescent scales 2, clarity, dopey 1,
frail 1, wild magic 1
0: Orb of Zot
}: 4/15 runes: serpentine, barnacled, slimy, silver
a: Spit Poison, Renounce Religion, Heroism, Finesse, Duel


You escaped.
You worshipped Okawaru.
Okawaru was extremely pleased with you.
You visited 14 branches of the dungeon, and saw 61 of its levels.
You visited the Abyss 1 time.
You visited 1 bazaar.
You also visited: Trove, Sewer, Gauntlet and Wizlab.

You collected 10171 gold pieces.
You spent 4547 gold pieces at shops.

Inventory:

Hand Weapons
 a - a +9 demon whip of venom
 b - a +9 eveningstar of holy wrath (weapon)
Missiles
 v - 5 throwing nets
Armour
 c - +8 gold dragon scales (worn)
 d - the +12 tower shield "Pawunemi" (worn) {rPois Dex+2}
   (Okawaru gifted it to you on level 3 of the Crypt)

   Dex:       It affects your dexterity (+2).
   rPois:     It protects you from poison.
 m - the +1 cloak of Starlight (worn) {*Dazzle EV+4 Stlth--}
   (You found it on level 3 of the Elven Halls)

   It may blind those who miss an attack against the wearer in melee combat.
   EV:        It affects your evasion (+4).
   Stlth:     It makes you much less stealthy.
 p - the +0 helmet "Udo Adae" (worn) {Str+5}
   (Okawaru gifted it to you on level 5 of the Vaults)

   Str:       It affects your strength (+5).
 y - a +1 pair of gloves (worn)
 R - the +10 Black Knight's barding (worn) {ponderous, rPois rN+}
   (You acquired it on level 14 of the Dungeon)

   rPois:     It protects you from poison.
   rN:        It protects you from negative energy.
Jewellery
 k - the ring "Fajacliw" {Wiz rF+ MP+9 Int+2 Dex+3}
   (You found it on level 5 of the Realm of Zot)

   [ring of wizardry]

   It improves your spell success rate.
   Int:       It affects your intelligence (+2).
   Dex:       It affects your dexterity (+3).
   rF:        It protects you from fire.
   MP:        It affects your magic capacity (+9).
 r - the ring "Xuf Quck" (left hand) {Str+4 Int+6 Dex+6}
   (You took it off a deep elf death mage on level 3 of the Elven Halls)

   [ring of dexterity]

   Str:       It affects your strength (+4).
   Int:       It affects your intelligence (+6).
   Dex:       It affects your dexterity (+6).
 A - the amulet "Joafrono" (around neck) {-Cast rC++ Regen+ Dex+9 Stlth-}
   (You found it in a treasure trove)

   [amulet of regeneration]

   Dex:       It affects your dexterity (+9).
   rC:        It greatly protects you from cold.
   -Cast:     It prevents spellcasting.
   Regen:     It increases your rate of health regeneration.
   Stlth:     It makes you less stealthy.
 D - the ring "Natu" (right hand) {Fly rN+ Str+3}
   (You bought it in a shop on level 2 of the Orcish Mines)

   [ring of flight]

   Str:       It affects your strength (+3).
   rN:        It protects you from negative energy.
   Fly:       It grants you flight.
 I - the ring "Umipt" {rElec rF+}
   (You found it in a Gauntlet)

   [ring of protection from fire]

   rF:        It protects you from fire.
   rElec:     It insulates you from electricity.
Wands
 q - a wand of digging (8)
 B - a wand of iceblast (26)
 C - a wand of light (8)
 F - a wand of mindburst (18)
Scrolls
 f - a scroll of amnesia
 g - 10 scrolls of fear
 j - 8 scrolls of blinking
 t - 20 scrolls of teleportation
 z - 8 scrolls of immolation
 E - 7 scrolls of poison
 J - 3 scrolls of silence
 O - 4 scrolls of magic mapping
 T - 3 scrolls of enchant armour
Potions
 e - 11 potions of might
 i - 5 potions of invisibility
 o - 4 potions of flight
 s - 20 potions of attraction
 u - 6 potions of cancellation
 x - 5 potions of magic
 G - 4 potions of berserk rage
 H - 7 potions of heal wounds
 P - 4 potions of resistance
 Q - 24 potions of curing
 S - 3 potions of haste
Miscellaneous
 h - a tin of tremorstones (inert)
 L - a condenser vane


   Skills:
 + Level 25.6(27) Fighting
 * Level 20.0(25.0) Maces & Flails
 + Level 18.6(23.6) Armour
 + Level 17.6(22.6) Dodging
 - Level 21.2(26.2) Shields
 - Level 21.0 Invocations
 + Level 18.4 Evocations


You had 26 spell levels left.
You didn't know any spells.
Your spell library contained the following spells:

 Spells                   Type           Power      Damage    Failure   Level
 Beastly Appendage        Tmut           0%         N/A       88%         1
 Foxfire                  Conj/Fire      0%         2x1d4     88%         1
 Freeze                   Ice            0%         1d3       88%         1
 Magic Dart               Conj           0%         1d3       88%         1
 Necrotise                Necr           0%         1d4       88%         1
 Sandblast                Erth           0%         2d4       88%         1
 Shock                    Conj/Air       0%         1d3       88%         1
 Slow                     Hex            0%         N/A       88%         1
 Sting                    Tmut/Pois      0%         1d3       88%         1
 Blink                    Tloc           0%         N/A       95%         2
 Ensorcelled Hibernation  Hex/Ice        0%         N/A       95%         2
 Passwall                 Tmut/Erth      0%         N/A       95%         2
 Poisonous Vapours        Pois/Air       0%         N/A       95%         2
 Scorch                   Fire           0%         2d5       95%         2
 Searing Ray              Conj           0%         2d4       95%         2
 Sublimation of Blood     Necr           0%         N/A       95%         2
 Wereblood                Tmut           0%         N/A       95%         2
 Confusing Touch          Hex            0%         N/A       99%         3
 Conjure Flame            Conj/Fire      0%         6-21      99%         3
 Dazzling Flash           Conj/Hex       0%         N/A       99%         3
 Frozen Ramparts          Ice            0%         1d1       99%         3
 Gell's Gravitas          Tloc           0%         N/A       99%         3
 Ignite Poison            Fire/Tmut/Pois 0%         N/A       99%         3
 Inner Flame              Hex/Fire       0%         N/A       99%         3
 Lesser Beckoning         Tloc           0%         N/A       99%         3
 Mephitic Cloud           Conj/Pois/Air  0%         N/A       99%         3
 Ozocubu's Armour         Ice            0%         N/A       99%         3
 Portal Projectile        Hex/Tloc       0%         N/A       99%         3
 Spider Form              Tmut/Pois      0%         N/A       99%         3
 Stone Arrow              Conj/Erth      0%         3d7       99%         3
 Swiftness                Air            0%         N/A       99%         3
 Teleport Other           Tloc           0%         N/A       99%         3
 Vampiric Draining        Necr           0%         2d6       99%         3
 Airstrike                Air            0%         2d(0-16)  100%        4
 Anguish                  Hex/Necr       0%         N/A       100%        4
 Cause Fear               Hex            0%         N/A       100%        4
 Corpse Rot               Necr/Pois/Air  0%         N/A       100%        4
 Dispel Undead            Necr           0%         3d6       100%        4
 Flame Wave               Conj/Fire      0%         2d4       100%        4
 Fulminant Prism          Conj/Hex       0%         3d6       100%        4
 Ice Form                 Ice/Tmut       0%         N/A       100%        4
 Iskenderun's Mystic Bla  Conj/Tloc      0%         2d3       100%        4
 Leda's Liquefaction      Hex/Erth       0%         N/A       100%        4
 Olgreb's Toxic Radiance  Pois           0%         N/A       100%        4
 Sticky Flame             Conj/Fire      0%         2d3       100%        4
 Alistair's Intoxication  Tmut/Pois      0%         N/A       100%        5
 Blade Hands              Tmut           0%         N/A       100%        5
 Borgnjor's Vile Clutch   Necr/Erth      0%         N/A       100%        5
 Fireball                 Conj/Fire      0%         3d3       100%        5
 Freezing Cloud           Conj/Ice/Air   0%         6-21      100%        5
 Irradiate                Conj/Tmut      0%         3d11      100%        5
 Lightning Bolt           Conj/Air       0%         1d11      100%        5
 Manifold Assault         Tloc           0%         N/A       100%        5
 Metabolic Englaciation   Hex/Ice        0%         N/A       100%        5
 Yara's Violent Unravell  Hex/Tmut       0%         3d3       100%        5
 Dispersal                Tloc           0%         N/A       100%        6
 Eringya's Noxious Bog    Tmut/Pois      0%         N/A       100%        6
 Iron Shot                Conj/Erth      0%         9d1       100%        6
 Starburst                Conj/Fire      0%         6d3       100%        6
 Statue Form              Tmut/Erth      0%         N/A       100%        6
 Dragon Form              Tmut           0%         N/A       100%        7
 Enfeeble                 Hex            0%         N/A       100%        7
 Ozocubu's Refrigeration  Ice            0%         4d7       100%        7
 Storm Form               Tmut/Air       0%         N/A       100%        7
 Borgnjor's Revivificati  Necr           0%         N/A       100%        8
 Discord                  Hex            0%         N/A       100%        8
 Ignition                 Fire           0%         3d3       100%        8
 Lehudib's Crystal Spear  Conj/Erth      0%         10d2      100%        8
 Necromutation            Tmut/Necr      0%         N/A       100%        8
 Death's Door             Necr           0%         N/A       100%        9
 Polar Vortex             Ice            0%         N/A       100%        9
 Call Canine Familiar     Summ           Unusable   N/A       N/A         3
 Animate Armour           Summ/Erth      Unusable   N/A       N/A         4
 Animate Dead             Necr           Unusable   N/A       N/A         4
 Summon Ice Beast         Ice/Summ       Unusable   N/A       N/A         4
 Summon Lightning Spire   Summ/Air       Unusable   N/A       N/A         4
 Death Channel            Necr           Unusable   N/A       N/A         6
 Simulacrum               Ice/Necr       Unusable   N/A       N/A         6
 Summon Hydra             Summ           Unusable   N/A       N/A         7

Dungeon Overview and Level Annotations

Branches:
Dungeon (15/15)            Temple (1/1) D:5            Lair (5/5) D:8
 Shoals (4/4) Lair:3        Snake (4/4) Lair:3        Slime (5/5) Lair:4
    Orc (2/2) D:11            Elf (3/3) Orc:2        Vaults (5/5) D:14
  Crypt (3/3) Vaults:2       Tomb (0/3) Crypt:3      Depths (4/4) D:15
   Hell (visited)             Dis (0/7) Hell            Geh (0/7) Hell
    Coc (4/7) Hell            Tar (0/7) Hell            Zot (5/5) Depths:4
  Sewer (visited)          WizLab (visited)         Gauntlet (visited)

Altars:
Ashenzari
Cheibriados
Dithmenos
Elyvilon
Fedhas
Gozag
Hepliaklqana
Kikubaaqudgha
Makhleb
Nemelex Xobeh
Okawaru
Qazlal
Ru
Sif Muna
Trog
Uskayaw
Vehumet
Wu Jian
Xom
Yredelemnul
Zin
The Shining One
Jiyva

Shops:
D:8 [   Orc:2 !?[=   Elf:3 ?   Shoals:4 (*   Snake:1 :*[   Snake:3 *   Zot:4 **

Portals:
Hell: Depths:1 Depths:2 Depths:3 Depths:4
Abyss: Depths:1 Depths:3
Pandemonium: Orc:2 Depths:2 Depths:3
Ziggurat: Depths:4

Annotations:
Lair:1 xian's ghost, journeyman DsIE
Elf:1 6 runed translucent doors
Elf:2 5 runed doors


Innate Abilities, Weirdness & Mutations

Your serpentine skin is tough. (AC +9)
You have supernaturally acute eyesight. (SInv)
Armour fits poorly on your strangely shaped body.
Your system is resistant to poisons. (rPois)
You cover ground very slowly.
You can spit poison.
You can use your snake-like lower body to constrict enemies.
Your tail ends in a venomous barb.
You are mostly covered in iridescent scales. (AC +4)
You possess an exceptional clarity of mind.
You are dopey. (Int -2)
You are frail. (-10% HP)
Your spells are a little harder to cast, but a little more powerful.


Message History

You stick the demonspawn corrupter like a pincushion!!!
You kill the demonspawn corrupter!
Okawaru accepts your kill.
The tentacled starspawn disappears in a puff of smoke!
The deep elf high priest disappears in a puff of smoke!
The mummy priest disappears in a puff of smoke!
The starcursed mass disappears in a puff of smoke!
The golden dragon disappears in a puff of smoke!
The starcursed mass disappears in a puff of smoke!
The ancient champion disappears in a puff of smoke!
The starcursed mass disappears in a puff of smoke!
Items here: )) [ †.
You puncture the lorocyproca!
The lorocyproca convulses.
You grab the lorocyproca.
The lorocyproca is lightly wounded.
You constrict the lorocyproca. You block the lorocyproca's attack.
You bludgeon the lorocyproca!!
The lorocyproca convulses!!
The lorocyproca is severely wounded.
You constrict the lorocyproca. You block the lorocyproca's attack.
You completely miss the lorocyproca.
The lorocyproca is almost dead.
You constrict the lorocyproca.
You flatten the lorocyproca like a pancake!!!
You kill the lorocyproca!
Okawaru accepts your kill.
There is a staircase leading out of the dungeon here.
You start resting.
HP restored.
You start waiting.
You are no longer corroded.
You start waiting.
An efreet comes into view.
It is wielding a +4 scimitar of flaming.
You sock the efreet!
The efreet convulses!
You grab the efreet.
The efreet is heavily wounded.
You constrict the efreet. You impale the efreet!!
You kill the efreet!
Okawaru accepts your kill.
There is a staircase leading out of the dungeon here.
You have escaped!

#.....#.........#.# #.#
#...........###.#.# #.#
#.....#########...###.########
##(....[........)............#
###.#####.#####.#####.#####.#
#..###...###...#.#...###..#
#...#....)#).)..#.....#...#
#....#####...)...#####....#
#.....###.)..@..).###.....#
##.....#..)........#.....#####
##.....###.#.#####..........#
##.....#)#...###.....#####.#
##.....#.....#.....## #.#
##.....#####.....## #.#
##.....###.....## #.#
##.....#.....## #.#
##.........## #.#


There were no monsters in sight!

Vanquished Creatures
  the Royal Jelly (Arena)
  Dissolution (Slime:4)
  A dread lich (Zot:5)
  4 ancient liches
  7 orbs of fire
  The ghost of retardedninja the Axe Maniac, a legendary HOFi of Gozag (Zot:4)
  The ghost of TheSexyCheese the Executioner, a legendary HOFi of Gozag (Zot:5)
  A juggernaut (Depths:3)
  A shard shrike (Zot:1)
  The ghost of Houmnergh the Rich, a master GnTm of Gozag (Crypt:3)
  5 Killer Klowns (Zot:5)
  2 curse toes (Zot:3)
  Geryon (Hell)
  10 golden dragons
  6 pandemonium lords
  Nikola (Arena)
  5 Tzitzimimeh
  2 electric golems (Zot:5)
  A Brimstone Fiend (D:1)
  12 tentacled monstrosities
  A spectral shard shrike (Crypt:3)
  The ghost of fishmans the Bludgeoner, an adept GrFi of the Shining One (Arena)
  A Cloud Mage (WizLab)
  A hellephant (D:1)
  6 Ice Fiends
  A walking crystal tome (Depths:3)
  2 Hell Sentinels
  Mlioglotl (Shoals:4)
  32 Orb Guardians
  5 liches
  4 searing wretches (Hell)
  3 quicksilver dragons
  3 deep elf blademasters
  2 titans
  Polyphemus (Shoals:4)
  3 deep elf master archers (Elf:3)
  A kraken (Shoals:1)
  18 acid blobs
  3 Executioners
  The ghost of sigtrap the Executioner, an adept MiBe of Trog (Shoals:2)
  8 death cobs
  12 storm dragons
  3 ancient champions (Crypt:3)
  4 sphinxes
  Gastronok (D:8)
  The ghost of Adoajy the Bludgeoner, an adept DsWr of Ru (Vaults:2)
  5 tengu reavers
  4 draconian monks
  Donald (Vaults:4)
  Kirke (D:13)
  4 draconian knights
  2 revenants (Crypt:2)
  A demonspawn warmonger (D:1)
  6 shadow dragons
  11 azure jellies
  9 nagarajas
  Roxanne (Elf:2)
  8 fire giants
  5 narguns
  12 rockslimes
  8 deep elf sorcerers
  Ilsuiw (Shoals:4)
  13 vault wardens
  3 iron dragons
  6 draconian scorchers
  2 cacodemons (D:1)
  2 shard shrike simulacra
  7 draconian shifters
  3 ghost moths
  8 frost giants
  A balrug (Depths:4)
  2 orc warlords
  A spectral caustic shrike (Crypt:3)
  5 curse skulls
  10 deep elf elementalists
  A demonspawn corrupter (D:1)
  8 reapers
  A caustic shrike skeleton (Hell)
  9 draconian annihilators
  8 ghouls
  6 ironbound thunderhulks
  5 draconian stormcallers
  2 war gargoyles
  15 very ugly things
  11 stone giants
  18 ironbound preservers
  9 green draconians
  19 quicksilver oozes
  7 deep elf demonologists
  6 vampire knights
  12 black draconians
  4 wendigos
  2 entropy weavers
  Azrael (D:14)
  3 elemental wellsprings
  14 red draconians
  12 deep elf annihilators
  A minotaur (Gauntlet)
  8 yellow draconians
  2 lorocyprocas (D:1)
  13 spark wasps
  A spectral titan (Crypt:3)
  7 purple draconians
  7 dire elephants
  11 white draconians
  10 ettins
  11 deep elf death magi
  11 eidola
  4 green deaths
  Snorg (D:11)
  7 blizzard demons
  6 deep elf high priests
  8 fire dragons
  5 merfolk javelineers
  Josephine (D:11)
  6 merfolk impalers
  21 yaktaur captains
  3 spectral quicksilver dragons (Crypt:3)
  9 jiangshi
  36 vault guards
  A spriggan zombie (Hell)
  7 rakshasas
  12 hydras
  7 great orbs of eyes
  9 ice dragons
  2 spectral spriggans (Crypt:3)
  A peacekeeper (Vaults:2)
  2 salamander tyrants
  Fannar (D:11)
  A boulder beetle (D:12)
  2 hell beasts
  An Orb Guardian zombie (Crypt:3)
  7 spriggan air magi
  3 ghost crabs (WizLab)
  5 caustic shrike simulacra
  9 ironbound frosthearts
  2 juggernaut simulacra
  17 anacondas
  Erica (D:8)
  2 stokers (Hell)
  6 merfolk aquamancers
  4 death knights
  2 merfolk avatars (Shoals:4)
  16 centaur warriors
  3 demonspawn (Orc:2)
  A two-headed ogre (shapeshifter) (Elf:2)
  38 dancing weapons
  15 naga warriors
  7 two-headed ogres
  6 death yaks
  3 catoblepae
  2 titan zombies (Depths:2)
  8 deep troll shamans
  7 orc high priests
  3 satyrs
  Urug (D:10)
  14 vampire magi
  A tengu warrior (Depths:3)
  21 deep elf knights
  7 hell hogs
  7 naga sharpshooters
  10 soul eaters
  11 deep troll earth magi
  5 spriggan berserkers
  5 spectral storm dragons (Crypt:3)
  11 shock serpents
  Sonja (D:13)
  2 fire crabs
  24 skeletal warriors
  13 sun demons
  27 hell knights
  Amaemon (D:8)
  9 iron trolls
  A quicksilver dragon simulacrum (Coc:1)
  6 shadow wraiths
  8 salamander mystics
  A death drake (shapeshifter) (Vaults:5)
  A goliath frog (Crypt:1)
  3 sixfirhies
  A spectral minotaur (Crypt:3)
  5 death drakes (WizLab)
  50 deep trolls
  8 large abominations
  A spark wasp zombie (Depths:2)
  6 glowing orange brains
  A spectral iron dragon (Crypt:3)
  6 wizards
  A golden dragon zombie (Crypt:1)
  A spectral anaconda (Crypt:3)
  A swamp dragon (Lair:5)
  7 sea snakes
  A storm dragon skeleton (Hell)
  2 anaconda zombies (Hell)
  9 naga ritualists
  A shadow demon (D:1)
  5 spriggan simulacra
  A kraken simulacrum (Shoals:4)
  14 phantasmal warriors
  A swamp dragon (shapeshifter) (Vaults:5)
  4 lindwurms
  A wolf spider zombie (D:14)
  7 flayed ghosts
  15 orc knights
  2 tengu zombies
  2 obsidian statues
  12 necromancers
  Pikel (D:6)
  33 harpies
  22 deep elf archers
  20 ironbound convokers
  13 mana vipers
  2 human zombies
  26 deep elf pyromancers
  An iron dragon zombie (Crypt:3)
  3 shining eyes
  25 deep elf zephyrmancers
  25 salamanders
  2 oklob plants
  20 manticores
  24 ugly things
  11 fauns
  A faun (shapeshifter) (Depths:2)
  9 orc sorcerers
  12 merfolk sirens
  3 wolf spiders
  30 moths of wrath
  113 slime creatures
  10 cyclopes
  2 sphinx skeletons
  2 spectral centaurs (Crypt:3)
  An apocalypse crab (WizLab)
  10 centaur zombies
  7 rust devils
  A dire elephant zombie (Hell)
  49 black mambas
  4 water nymphs
  Joseph (D:9)
  16 vault sentinels
  2 human skeletons
  Maurice (D:13)
  2 titan simulacra (Coc:3)
  10 guardian serpents
  An ice statue (Hell)
  20 naga magi
  A black mamba (shapeshifter) (Elf:1)
  12 cane toads
  A smoke demon (Orc:2)
  2 water nymphs (shapeshifter)
  A toenail golem (D:1)
  2 torpor snails (Lair:5)
  6 orange demons
  A gargoyle (D:12)
  A centaur skeleton (D:15)
  3 eyes of devastation
  A storm dragon simulacrum (Coc:1)
  6 hellions
  A swamp worm zombie (Crypt:3)
  An alligator snapping turtle skeleton (Crypt:2)
  2 bunyip simulacra (Coc:1)
  A kobold demonologist (D:8)
  2 tengu conjurers
  2 demonic crawlers
  9 rime drakes
  3 unseen horrors
  A yaktaur (shapeshifter) (Vaults:5)
  30 yaktaurs
  A sea snake zombie (Hell)
  A redback zombie (D:14)
  2 efreet (D:1)
  8 komodo dragons
  3 anaconda simulacra
  An iron giant simulacrum (Coc:3)
  26 freezing wraiths
  4 tormentors
  5 harpy zombies
  A sea snake skeleton (Hell)
  A death yak skeleton (Crypt:1)
  5 hellwings
  2 ice devils
  A golden dragon simulacrum (Coc:2)
  10 trolls
  4 red devils
  2 hydra zombies
  A polar bear (Lair:5)
  A wind drake (shapeshifter) (Depths:3)
  9 wind drakes
  A jumping spider zombie (Crypt:1)
  8 hornets
  32 merfolk
  A hydra skeleton (Hell)
  A radroach zombie (Crypt:3)
  2 meliai zombies (D:14)
  11 blink frogs
  11 dream sheep
  A spectral black mamba (Crypt:3)
  A death drake skeleton (Crypt:1)
  4 stone giant simulacra
  An alligator zombie (Hell)
  A vampire (D:12)
  20 air elementals
  2 ettin skeletons
  12 snapping turtles
  4 dire elephant simulacra
  A naga simulacrum (Coc:3)
  2 shadows
  An alligator skeleton (Hell)
  2 centaur simulacra
  28 water elementals
  A hog (D:13)
  3 ynoxinuls
  32 yaks
  A spriggan (Depths:3)
  A fire dragon skeleton (Hell)
  19 wyverns
  8 fire elementals
  6 fire bats (Gauntlet)
  An elf zombie (Vaults:4)
  15 wraiths
  10 basilisks
  10 chaos spawn
  3 humans (D:13)
  5 vampire mosquitoes
  5 golden eyes (Slime:5)
  A neqoxec (D:1)
  A sea snake simulacrum (Hell)
  8 redbacks
  Grum (D:8)
  2 alligator snapping turtle simulacra (Coc:2)
  10 small abominations
  4 steam dragons
  7 harpy simulacra
  A glowing shapeshifter zombie (Depths:2)
  34 nagas
  A naga (shapeshifter) (D:14)
  A warg (Orc:1)
  A fire bat skeleton (Crypt:1)
  18 water moccasins
  8 acid dragons
  A glowing shapeshifter skeleton (Vaults:4)
  3 hydra simulacra
  A water moccasin (shapeshifter) (Elf:1)
  3 floating eyes
  3 hell hounds
  41 orc warriors
  A faun skeleton (Crypt:2)
  A swamp drake (shapeshifter) (Elf:1)
  A swamp drake (Lair:5)
  An ice beast (D:6)
  A black mamba simulacrum (Coc:1)
  4 ettin simulacra
  3 sky beasts
  3 black bears
  A fire dragon simulacrum (Crypt:2)
  An ice dragon simulacrum (Coc:1)
  7 ogres
  24 wolves
  4 phantoms
  A blink frog skeleton (Crypt:3)
  5 boggarts
  11 centaurs
  An ogre (shapeshifter) (Vaults:5)
  A torpor snail zombie (Crypt:2)
  7 bullfrogs
  7 kobold brigands
  3 earth elementals (Elf:1)
  2 gnoll sergeants
  A rime drake skeleton (Crypt:1)
  2 scorpions
  3 necrophages
  A komodo dragon skeleton (Crypt:1)
  A cyclops skeleton (Crypt:3)
  3 killer bees (D:8)
  6 electric eels
  3 howler monkeys
  3 jellies
  30 orc priests
  A gnoll bouda (D:8)
  4 hounds
  7 iguanas
  Jessica (D:3)
  14 hell rats
  Natasha (thrice) (D:3)
  2 boggart zombies (D:14)
  19 orc wizards
  A boggart skeleton (Crypt:2)
  Robin (D:2)
  13 gnolls
  3 river rats
  11 adders
  2 shadow imps
  A white imp (D:5)
  2 worm zombies
  2 worms
  2 dart slugs
  77 orcs
  4 ball pythons
  A bat (D:3)
  7 endoplasms
  6 giant cockroaches
  6 hobgoblins
  7 jackals
  31 kobolds
  5 quokkas
  A dart slug zombie (Crypt:3)
  10 frilled lizards
  A gnoll zombie (Crypt:1)
  18 goblins
  2 jackal skeletons
  A quokka skeleton (Crypt:2)
  8 rats
  A creeping inferno (Zot:2)
  4 fire vortices
  4 tentacles
2810 creatures vanquished.

Vanquished Creatures (others)
  A draconian knight (Zot:4)
  A green draconian (Zot:4)
  A merfolk avatar (Shoals:4)
  2 juggernaut simulacra (Coc:3)
  A deep elf knight (Elf:2)
  A sea snake (Shoals:2)
  A wizard (Vaults:1)
  A black mamba (Snake:4)
  A golden dragon simulacrum (Coc:1)
  An iron giant simulacrum (Coc:1)
  A stone giant simulacrum (Coc:1)
  A water elemental (Shoals:2)
  A harpy simulacrum (Coc:1)
  A sky beast (D:7)
  An orc warrior (Elf:1)
  An ettin simulacrum (Coc:4)
  A boggart (Vaults:2)
  An iguana (D:7)
  28 fungi
  139 plants
  2 starspawn tentacles (Shoals:4)
  12 tentacles
200 creatures vanquished.

Grand Total: 3010 creatures vanquished

Notes
Turn   | Place    | Note
-------+----------+-------------------------------------------
     0 | D:1      | JJPlayz the Naga Fighter began the quest for the Orb.
     0 | D:1      | Reached XP level 1. HP: 21/21 MP: 1/1
   156 | D:1      | Reached XP level 2. HP: 28/28 MP: 2/2
   594 | D:1      | Reached skill level 1 in Invocations
   661 | D:1      | Reached XP level 3. HP: 34/34 MP: 3/3
  1003 | D:2      | Noticed Robin
  1045 | D:2      | HP: 1/34 [goblin/+0 club (1)]
  1503 | D:2      | Reached XP level 4. HP: 43/43 MP: 5/5
  1521 | D:2      | Killed Robin
  2017 | D:3      | Noticed Jessica
  2023 | D:3      | Killed Jessica
  2071 | D:3      | Noticed Natasha
  2203 | D:3      | Killed Natasha
  2204 | D:3      | Reached skill level 4 in Fighting
  2204 | D:3      | Reached XP level 5. HP: 50/50 MP: 6/6
  2291 | D:3      | Found a burning altar of Makhleb.
  2291 | D:3      | Found a blossoming altar of Fedhas.
  2392 | D:3      | Found a faded altar of an unknown god.
  2497 | D:3      | Found a white marble altar of Elyvilon.
  3111 | D:3      | Found a white marble altar of Elyvilon.
  3248 | D:3      | Found a blossoming altar of Fedhas.
  3250 | D:3      | Found a burning altar of Makhleb.
  3305 | D:3      | Found a faded altar of an unknown god.
  3324 | D:3      | Noticed Natasha
  3335 | D:3      | Killed Natasha
  3676 | D:3      | Found a white marble altar of Elyvilon.
  3755 | D:3      | Noticed Natasha
  3765 | D:3      | Killed Natasha
  4087 | D:3      | Found a burning altar of Makhleb.
  4087 | D:3      | Found a blossoming altar of Fedhas.
  4132 | D:3      | Found a faded altar of an unknown god.
  4479 | D:4      | Reached XP level 6. HP: 49/58 MP: 7/7
  4921 | D:4      | Found a glowing drain.
  4948 | Sewer    | Entered a sewer
  5077 | Sewer    | Reached skill level 5 in Fighting
  5215 | Sewer    | Reached XP level 7. HP: 67/67 MP: 9/9
  5950 | D:5      | Entered Level 5 of the Dungeon
  6529 | D:5      | Found a staircase to the Ecumenical Temple.
  6541 | Temple   | Entered the Ecumenical Temple
  6708 | Temple   | Became a worshipper of Warmaster Okawaru
  6846 | D:5      | Reached XP level 8. HP: 76/76 MP: 10/10
  6988 | D:5      | Reached skill level 6 in Fighting
  7449 | D:5      | Noticed a hornet
  7462 | D:5      | Killed a hornet
  7859 | D:5      | Reached * piety under Okawaru
  8231 | D:6      | Reached skill level 7 in Fighting
  8241 | D:6      | Reached XP level 9. HP: 74/86 MP: 12/12
  8265 | D:6      | Reached skill level 5 in Maces & Flails
  8265 | D:6      | Reached skill level 5 in Shields
  8369 | D:6      | Noticed Pikel
  8414 | D:6      | Killed Pikel
  8414 | D:6      | Reached ** piety under Okawaru
  8415 | D:6      | Reached skill level 5 in Invocations
  8739 | D:6      | Found a shimmering altar of Xom.
  8755 | D:6      | Reached skill level 8 in Fighting
  8962 | D:6      | Found a hide-covered altar of Uskayaw.
  9078 | D:7      | Reached skill level 5 in Armour
 10624 | D:7      | Found a glowing silver altar of Zin.
 11003 | D:8      | Reached XP level 10. HP: 83/98 MP: 14/14
 11477 | D:8      | Noticed Gastronok
 11513 | D:8      | Killed Gastronok
 11513 | D:8      | Reached *** piety under Okawaru
 11514 | D:8      | Reached skill level 9 in Fighting
 11569 | D:8      | Noticed a kobold demonologist
 11600 | D:8      | Killed a kobold demonologist
 11781 | D:8      | Noticed Erica
 11810 | D:8      | Killed Erica
 11810 | D:8      | Reached **** piety under Okawaru
 11982 | D:8      | Noticed Grum
 11996 | D:8      | Killed Grum
 12202 | D:8      | Found a staircase to the Lair.
 12222 | D:8      | Reached skill level 10 in Fighting
 12306 | D:8      | Noticed an orange demon
 12309 | D:8      | Noticed Amaemon
 12311 | D:8      | Killed an orange demon
 12312 | D:8      | Reached XP level 11. HP: 84/108 MP: 16/16
 12329 | D:8      | Killed Amaemon
 12329 | D:8      | Reached ***** piety under Okawaru
 12493 | D:8      | Found Seewibroll's Antique Armour Emporium.
 13137 | D:9      | Noticed Joseph
 13147 | D:9      | Noticed a phantasmal warrior
 13206 | D:8      | Killed a phantasmal warrior
 13534 | D:9      | Killed Joseph
 13699 | D:9      | Noticed a death knight
 13699 | D:9      | Noticed a phantasmal warrior
 13700 | D:9      | Noticed a phantasmal warrior
 14177 | Lair:1   | Entered Level 1 of the Lair of Beasts
 14419 | Lair:1   | Noticed a wolf spider
 14432 | Lair:1   | Killed a wolf spider
 14900 | Lair:1   | Reached skill level 11 in Fighting
 15522 | Lair:1   | Found a runed translucent door.
 15522 | Lair:1   | Noticed xian's ghost (journeyman DsIE)
 16884 | Lair:2   | Identified the +1 barding "Fat Zicvubu" {rPois rF- rCorr
                  | Dex+3} (Okawaru gifted it to you on level 2 of the Lair of
                  | Beasts)
 16884 | Lair:2   | Received a gift from Okawaru
 16953 | Lair:2   | Noticed a six-headed hydra
 16974 | Lair:2   | Killed a six-headed hydra
 16975 | Lair:2   | Reached XP level 12. HP: 63/120 MP: 16/18
 17075 | Lair:2   | Noticed a five-headed hydra
 17084 | Lair:2   | Killed a five-headed hydra
 18204 | Lair:2   | Reached skill level 12 in Fighting
 18975 | Lair:3   | Found a staircase to the Shoals.
 19391 | Lair:3   | Found a staircase to the Snake Pit.
 20103 | Lair:3   | Noticed a five-headed hydra
 20123 | Lair:3   | Killed a five-headed hydra
 20124 | Lair:3   | Noticed a seven-headed hydra
 20152 | Lair:3   | Killed a seven-headed hydra
 20199 | Lair:3   | Reached ****** piety under Okawaru
 20229 | Lair:3   | Received a gift from Okawaru
 20230 | Lair:3   | Gained mutation: You can use your snake-like lower body to
                  | constrict enemies. [Naga growth]
 20230 | Lair:3   | Reached XP level 13. HP: 15/130 MP: 17/20
 20718 | Lair:4   | Reached skill level 13 in Fighting
 21006 | Lair:4   | Found a gate leading to a gauntlet.
 21020 | Gauntlet | Entered a Gauntlet
 21020 | Gauntlet | Found a transporter.
 21020 | Gauntlet | Found a transporter.
 21020 | Gauntlet | Found a transporter.
 21079 | Gauntlet | Found a transporter.
 21092 | Gauntlet | Found a transporter.
 21094 | Gauntlet | Found a transporter.
 21102 | Gauntlet | Found a transporter.
 21118 | Gauntlet | Noticed a blizzard demon
 21121 | Gauntlet | Found a transporter.
 21125 | Gauntlet | Found a transporter.
 21128 | Gauntlet | Found a transporter.
 21130 | Gauntlet | Found a runed translucent gate.
 21130 | Gauntlet | Found a runed translucent gate.
 21130 | Gauntlet | Found a runed translucent gate.
 21136 | Gauntlet | Found a transporter.
 21139 | Gauntlet | Found a transporter.
 21142 | Gauntlet | Found the amulet of the Air {Inacc Air Fly rElec RMsl}
 21450 | Gauntlet | Identified the +0 kite shield "Vicalugg" {Int+3} (Okawaru
                  | gifted it to you in a Gauntlet)
 21450 | Gauntlet | Received a gift from Okawaru
 21473 | Gauntlet | Identified the ring "Umipt" {rElec rF+}
 21663 | Gauntlet | Reached skill level 10 in Invocations
 21811 | Gauntlet | Noticed a minotaur
 21822 | Gauntlet | Killed a minotaur
 21827 | Gauntlet | Identified the +4 ring mail of Avant Garde Salvation {MP+9}
 21828 | Gauntlet | Got the Compilation of Icy Kindling
 22083 | Lair:4   | Found a viscous altar of Jiyva.
 22086 | Lair:4   | Found a staircase to the Slime Pits.
 22437 | Lair:5   | Entered Level 5 of the Lair of Beasts
 22496 | Lair:5   | Identified a scroll of acquirement
 22497 | Lair:5   | Acquired the +3 barding "Arai" {rC+}
 22668 | Lair:5   | Reached skill level 10 in Maces & Flails
 22776 | Lair:5   | Reached skill level 14 in Fighting
 22830 | Lair:5   | Received a gift from Okawaru
 22839 | Lair:5   | Reached XP level 14. HP: 82/144 MP: 21/21
 23738 | Lair:5   | Identified the +1 barding of the Hidden Vale {rElec rC+
                  | Dex+3} (Okawaru gifted it to you on level 5 of the Lair of
                  | Beasts)
 23738 | Lair:5   | Received a gift from Okawaru
 24124 | Lair:5   | Paralysed by a hornet for 1 turns
 24682 | D:9      | Reached skill level 10 in Shields
 24965 | D:9      | Reached skill level 15 in Fighting
 24979 | D:9      | Found the +2 cloak of the Thief {*Fog Slay-2 SInv Stlth+}
 25033 | Abyss:3  | Cast into level 3 of the Abyss (a wizard)
 25040 | D:9      | Escaped the Abyss
 25304 | D:10     | Entered Level 10 of the Dungeon
 25320 | D:10     | Found a stormy altar of Qazlal.
 25407 | D:10     | Found an opulent altar of Gozag.
 25956 | D:10     | Noticed Urug
 25968 | D:10     | Killed Urug
 26229 | D:11     | Noticed Josephine
 26272 | D:11     | Killed Josephine
 26326 | D:11     | Found a staircase to the Orcish Mines.
 26388 | D:11     | Received a gift from Okawaru
 26438 | D:11     | Noticed Fannar
 26445 | D:11     | Killed Fannar
 26466 | D:11     | Noticed Snorg
 26473 | D:11     | Killed Snorg
 26474 | D:11     | Reached XP level 15. HP: 153/154 MP: 23/23
 27156 | D:12     | Found an opulent altar of Gozag.
 27162 | D:12     | Found an opulent altar of Gozag.
 27167 | D:12     | Found an opulent altar of Gozag.
 27209 | D:12     | Found an opulent altar of Gozag.
 27427 | D:12     | Identified the +2 robe of Philately {+Inv Dex+3}
 27679 | D:13     | Noticed Sonja
 27683 | D:13     | Killed Sonja
 27851 | D:13     | Noticed Kirke
 27859 | D:13     | Killed Kirke
 27962 | D:13     | Reached skill level 16 in Fighting
 28087 | D:13     | Noticed Maurice
 28094 | D:13     | Killed Maurice
 28515 | D:14     | Reached skill level 10 in Armour
 28573 | D:14     | Noticed Azrael
 28577 | D:14     | Received a gift from Okawaru
 28591 | D:14     | Killed Azrael
 28770 | D:14     | Found a basalt altar of Yredelemnul.
 28893 | D:14     | Found a gate to the Vaults.
 29089 | D:14     | Identified the +3 barding of Edghuen {Contam rElec rF+}
                  | (Okawaru gifted it to you on level 14 of the Dungeon)
 29089 | D:14     | Received a gift from Okawaru
 29108 | D:14     | Acquired 957 gold pieces
 29110 | D:14     | Acquired the +10 Black Knight's barding {ponderous, rPois
                  | rN+}
 29110 | D:14     | Found the +10 Black Knight's barding {ponderous, rPois rN+}
 29324 | D:14     | Acquired a +3 eveningstar of holy wrath
 29711 | D:15     | Entered Level 15 of the Dungeon
 29736 | D:15     | Found a stormy altar of Qazlal.
 29970 | D:15     | Reached XP level 16. HP: 166/166 MP: 25/25
 29970 | D:15     | Found a staircase to the Depths.
 30048 | D:15     | Found the +7 mace of Variability {chain chaos}
 30051 | D:15     | Found a shimmering altar of Xom.
 31049 | Snake:1  | Entered Level 1 of the Snake Pit
 31192 | Snake:1  | Reached skill level 17 in Fighting
 31529 | Arena    | Entered the Arena
 31849 | Snake:1  | Identified the ring "Osmin Heis" {rF- rC+ rN+ Stlth+}
 31985 | Snake:1  | Found Raab's Antique Armour Boutique.
 31987 | Snake:1  | Found Jauw Ylli's Assorted Antiques.
 31989 | Snake:1  | Found Omyugoacho's Book Boutique.
 31995 | Snake:1  | Bought a scroll of fear for 144 gold pieces
 32086 | Snake:1  | Found a sacrificial altar of Ru.
 32336 | Snake:2  | Identified the +10 scale mail "Geddeeni" {rPois} (Okawaru
                  | gifted it to you on level 2 of the Snake Pit)
 32336 | Snake:2  | Received a gift from Okawaru
 32345 | Snake:2  | Reached skill level 1 in Evocations
 33064 | Snake:2  | Reached XP level 17. HP: 155/178 MP: 27/27
 33603 | Snake:3  | Reached skill level 18 in Fighting
 33923 | Snake:3  | Identified the +0 plate armour of Tortured Creativity
                  | {rCorr Slay+4} (Okawaru gifted it to you on level 3 of the
                  | Snake Pit)
 33923 | Snake:3  | Received a gift from Okawaru
 34228 | Snake:3  | Found Nileos's General Store.
 34260 | Snake:3  | Bought a scroll of teleportation for 42 gold pieces
 34260 | Snake:3  | Bought a scroll of enchant weapon for 105 gold pieces
 34260 | Snake:3  | Bought a potion of curing for 42 gold pieces
 34260 | Snake:3  | Bought a scroll of enchant armour for 105 gold pieces
 34744 | Snake:4  | Entered Level 4 of the Snake Pit
 35938 | Snake:4  | Reached XP level 18. HP: 122/189 MP: 21/28
 35960 | Snake:4  | Reached skill level 5 in Evocations
 35970 | Snake:4  | Received a gift from Okawaru
 35986 | Arena    | Entered the Arena
 36217 | Snake:4  | Got a serpentine rune of Zot
 36761 | Shoals:1 | Entered Level 1 of the Shoals
 37062 | Shoals:1 | Noticed Nikola
 37063 | Arena    | Entered the Arena
 37069 | Arena    | Killed Nikola
 37188 | Shoals:1 | Reached skill level 19 in Fighting
 37200 | Shoals:1 | Received a gift from Okawaru
 37516 | Shoals:1 | Found an opulent altar of Gozag.
 37777 | Shoals:2 | Found a runed translucent door.
 37778 | Shoals:2 | Noticed sigtrap's ghost (adept MiBe)
 37817 | Shoals:2 | Killed sigtrap's ghost
 37833 | Shoals:2 | Identified the ring of Momuaf {rElec rCorr Slay-4 Stlth+}
 37929 | Shoals:2 | Identified the +5 mace "Naga's Doom" {flame, *Slow rPois
                  | Str-5 Int+5}
 38541 | Shoals:3 | Identified the +1 crystal plate armour "Defipaf" {rC-
                  | Will+++ Str+2} (Okawaru gifted it to you on level 3 of the
                  | Shoals)
 38541 | Shoals:3 | Received a gift from Okawaru
 38815 | Shoals:3 | Found a shadowy altar of Dithmenos.
 39103 | Shoals:4 | Entered Level 4 of the Shoals
 39111 | Shoals:4 | Found Wikh's Gadget Gallery.
 39123 | Shoals:4 | Bought a condenser vane for 760 gold pieces
 39186 | Shoals:4 | Reached skill level 15 in Invocations
 39196 | Shoals:4 | Reached XP level 19. HP: 169/200 MP: 30/30
 39304 | Shoals:4 | Noticed Ilsuiw
 39307 | Shoals:4 | Noticed Mlioglotl
 39558 | Shoals:4 | Found Wiwnipo's Antique Weapon Emporium.
 39660 | Shoals:4 | Killed Mlioglotl
 39840 | Shoals:4 | Killed Ilsuiw
 39892 | Shoals:4 | Noticed Polyphemus
 39928 | Shoals:4 | Killed Polyphemus
 39928 | Shoals:4 | Received a gift from Okawaru
 40058 | Shoals:4 | Got a barnacled rune of Zot
 40544 | Vaults:1 | Entered Level 1 of the Vaults
 40831 | Vaults:1 | Received a gift from Okawaru
 40832 | Vaults:1 | Reached skill level 20 in Fighting
 41473 | Vaults:1 | Received a gift from Okawaru
 41986 | Vaults:1 | Reached XP level 20. HP: 175/212 MP: 28/31
 42827 | Vaults:2 | Reached skill level 15 in Maces & Flails
 42919 | Vaults:2 | Reached skill level 1 in Dodging
 43057 | Vaults:2 | Found a staircase to the Crypt.
 43364 | Vaults:2 | Found a runed translucent door.
 43367 | Vaults:2 | Noticed Adoajy's ghost (adept DsWr)
 43495 | Vaults:2 | Received a gift from Okawaru
 43946 | Vaults:2 | Killed Adoajy's ghost
 44006 | Vaults:2 | Got the Monograph on Excavation
 44218 | Vaults:3 | Reached skill level 21 in Fighting
 44617 | Vaults:3 | Received a gift from Okawaru
 45364 | Vaults:3 | Reached XP level 21. HP: 223/223 MP: 33/33
 45536 | Vaults:4 | Reached skill level 5 in Dodging
 45583 | Vaults:4 | Received a gift from Okawaru
 45919 | Vaults:4 | Noticed Donald
 45932 | Vaults:4 | Killed Donald
 45989 | Vaults:4 | Found a runed translucent gate.
 45989 | Vaults:4 | Found a runed translucent gate.
 45989 | Vaults:4 | Found a runed translucent gate.
 45990 | Vaults:4 | Noticed fishmans's ghost (adept GrFi)
 46809 | Arena    | Entered the Arena
 46859 | Arena    | Killed fishmans's ghost
 46860 | Arena    | Reached skill level 10 in Evocations
 46912 | Vaults:4 | Identified the +2 hat of the Arena {Int+2}
 47246 | Orc:1    | Entered Level 1 of the Orcish Mines
 47386 | Orc:2    | Entered Level 2 of the Orcish Mines
 47439 | Orc:1    | Received a gift from Okawaru
 47818 | Orc:2    | Found a staircase to the Elven Halls.
 48132 | Orc:2    | Found Fibo's Magic Scroll Shoppe.
 48135 | Orc:2    | Found Ucsa's Distillery.
 48604 | Orc:2    | Found Vivana's Jewellery Boutique.
 48604 | Orc:2    | Found a one-way gate leading to the halls of Pandemonium.
 48604 | Orc:2    | Found Qoviyssirr's Antique Armour Shop.
 48617 | Orc:2    | Bought a pair of runed gloves for 247 gold pieces
 48627 | Orc:2    | Bought a glowing helmet for 247 gold pieces
 48677 | Orc:2    | Bought a potion of mutation for 112 gold pieces
 48677 | Orc:2    | Bought a potion of curing for 42 gold pieces
 48679 | Orc:2    | Bought a scroll of enchant weapon for 75 gold pieces
 48679 | Orc:2    | Bought a scroll of blinking for 75 gold pieces
 48679 | Orc:2    | Bought a scroll of magic mapping for 75 gold pieces
 48710 | Orc:2    | Bought a pair of runed gloves for 247 gold pieces
 49067 | Depths:1 | Entered Level 1 of the Depths
 49115 | D:15     | Received a gift from Okawaru
 49283 | Depths:1 | Received a gift from Okawaru
 49430 | Depths:1 | Found a one-way gate to the infinite horrors of the Abyss.
 49655 | Depths:1 | Noticed a golden dragon
 49668 | Depths:1 | Killed a golden dragon
 49827 | Depths:1 | Reached XP level 22. HP: 69/232 MP: 34/34
 49842 | Depths:1 | Identified the +1 troll leather armour "Oner" {+Inv Regen+
                  | Str+2 Stlth-} (Okawaru gifted it to you on level 1 of the
                  | Depths)
 49842 | Depths:1 | Received a gift from Okawaru
 50027 | Depths:1 | Found a gateway to Hell.
 50431 | Depths:2 | Reached skill level 15 in Shields
 50471 | Depths:2 | Found a portal to a secret trove of treasure.
 50483 | Depths:2 | Reached skill level 10 in Dodging
 50877 | Depths:2 | Found an ancient bone altar of Kikubaaqudgha.
 51315 | Depths:2 | Identified the +9 rapier of Zin's Wrath {speed, *Noise Fly
                  | rCorr}
 51369 | Depths:2 | Identified the +0 long sword "Lacertilianbane" {freeze,
                  | rCorr Dex+2}
 51958 | Depths:3 | Identified the +1 robe of Sulur {Str+4} (Okawaru gifted it
                  | to you on level 3 of the Depths)
 51958 | Depths:3 | Received a gift from Okawaru
 52338 | Depths:3 | Identified the +2 leather armour of the Nexus {Int+7
                  | Slay-6}
 52339 | Depths:3 | Noticed a golden dragon
 52401 | Depths:3 | Killed a golden dragon
 52455 | Depths:3 | Noticed a juggernaut
 52472 | Depths:3 | Killed a juggernaut
 52521 | Depths:3 | Noticed a golden dragon
 52526 | Depths:3 | Killed a golden dragon
 52557 | Depths:3 | Found a blossoming altar of Fedhas.
 52673 | Depths:3 | Found the +8 whip "Snakebite" {venom, curare, rPois}
 52729 | Depths:3 | Got the Almanac of Charms
 53013 | Depths:3 | Reached skill level 22 in Fighting
 53217 | Depths:4 | Entered Level 4 of the Depths
 53225 | Depths:4 | Reached XP level 23. HP: 213/243 MP: 35/35
 53868 | Depths:4 | Found a one-way gateway to a ziggurat.
 53873 | Depths:4 | Found a flickering gateway to a bazaar.
 53882 | Bazaar   | Entered a bazaar
 53909 | Bazaar   | Found Botzoom's Distillery.
 53909 | Bazaar   | Found Iciahe's Antique Weapon Emporium.
 53920 | Bazaar   | Bought a potion of curing for 36 gold pieces
 53931 | Bazaar   | Found Lial's Book Shoppe.
 53931 | Bazaar   | Found Cuomuesi's Magic Scroll Emporium.
 53990 | Bazaar   | Bought a potion of might for 48 gold pieces
 54010 | Bazaar   | Bought a scroll of enchant weapon for 75 gold pieces
 54010 | Bazaar   | Bought a scroll of blinking for 75 gold pieces
 54010 | Bazaar   | Bought a scroll of enchant weapon for 75 gold pieces
 54032 | Depths:4 | Noticed a golden dragon
 54042 | Depths:4 | Killed a golden dragon
 54364 | Depths:4 | Noticed a golden dragon
 54379 | Depths:4 | Killed a golden dragon
 54720 | Depths:4 | Found a gate to the Realm of Zot.
 55213 | Depths:2 | You paid a toll of +3 storm dragon scales to enter a
                  | treasure trove
 55214 | Trove    | Entered a treasure trove
 55246 | Trove    | Got Sif Muna's Meditations on the Volcanoes and Misery
 55250 | Trove    | Got Sif Muna's Compilation of Shifting Incandescence
 55263 | Trove    | Identified the amulet "Joafrono" {-Cast rC++ Regen+ Dex+9
                  | Stlth-}
 55278 | Trove    | Identified the amulet of Bodily Harmony {Spirit Regen+
                  | Str-5 Int+2 Dex+2}
 55286 | Trove    | Identified the amulet "Sirr" {Regen+ Stlth+}
 55629 | Vaults:5 | Entered Level 5 of the Vaults
 55683 | Vaults:4 | Received a gift from Okawaru
 55813 | Vaults:5 | Noticed an ancient lich
 56079 | Vaults:4 | Killed an ancient lich
 56138 | Vaults:5 | Identified the +7 falchion "Kuylud Paf" {speed, *Corrode
                  | Fly rPois Str+6}
 56199 | Vaults:5 | Identified the +1 quarterstaff of Wul Zona {speed, rPois
                  | Dex+5}
 56320 | Vaults:5 | Noticed a golden dragon
 56341 | Vaults:5 | Killed a golden dragon
 56503 | Vaults:5 | Noticed an ancient lich
 56522 | Vaults:5 | Killed an ancient lich
 56680 | Vaults:5 | Got the Lessons on the Transforming Quarry
 56681 | Vaults:5 | Identified the +10 whip "Beetle's Doom" {elec, rPois rCorr
                  | Str-4}
 56682 | Vaults:5 | Identified the +9 rapier of the Telling Oracle {freeze, Fly
                  | rPois Str+2 Dex+4}
 56684 | Vaults:5 | Identified the +0 robe "Hapneadymm" {-Cast rElec rN+++
                  | Str-5}
 56833 | Vaults:5 | Identified the +0 helmet "Udo Adae" {Str+5} (Okawaru gifted
                  | it to you on level 5 of the Vaults)
 56833 | Vaults:5 | Received a gift from Okawaru
 56835 | Vaults:5 | Reached XP level 24. HP: 79/254 MP: 32/36
 57321 | Vaults:5 | Got a silver rune of Zot
 57689 | Vaults:5 | Noticed an ancient lich
 57706 | Vaults:5 | Killed an ancient lich
 57727 | Vaults:5 | Reached skill level 15 in Armour
 57882 | Vaults:5 | Found the +8 arc blade {discharge, rElec}
 57892 | Vaults:5 | Got Soasorr's Quarto of Hoarfrost and Conjuring
 58301 | Elf:1    | Entered Level 1 of the Elven Halls
 58310 | Elf:1    | Identified the +10 shortbow of the Mind {vorpal, +Blink
                  | Will++ Int+3 Dex+2}
 58476 | Elf:1    | You fall into a shaft and drop 1 floor!
 58539 | Elf:1    | Paralysed by an air elemental for 1 turns
 58761 | Elf:1    | Paralysed by an air elemental for 1 turns
 58803 | Elf:1    | Found a frozen archway.
 58913 | Elf:1    | Paralysed by an air elemental for 1 turns
 58920 | Elf:1    | Received a gift from Okawaru
 58933 | Elf:1    | Found a runed translucent gate.
 58933 | Elf:1    | Found a runed translucent gate.
 58933 | Elf:1    | Found a runed translucent gate.
 58933 | Elf:1    | Found a runed translucent gate.
 58933 | Elf:1    | Found a runed translucent gate.
 58936 | Elf:1    | Found a runed translucent gate.
 59251 | Elf:2    | Found a huge runed gate.
 59260 | Elf:2    | Found a huge runed gate.
 59264 | Elf:2    | Found a huge runed gate.
 59264 | Elf:2    | Found a huge runed gate.
 59283 | Elf:2    | Found a huge runed gate.
 59284 | Elf:2    | Found a huge runed gate.
 59285 | Elf:2    | Found a huge runed gate.
 59285 | Elf:2    | Found a huge runed gate.
 59287 | Elf:2    | Found a huge runed gate.
 59288 | Elf:2    | Found a huge runed gate.
 59288 | Elf:2    | Found a huge runed gate.
 59289 | Elf:2    | Found a huge runed gate.
 59341 | Elf:2    | Found a huge runed gate.
 59341 | Elf:2    | Found a huge runed gate.
 59341 | Elf:2    | Found a huge runed gate.
 59341 | Elf:2    | Found a huge runed gate.
 59348 | Elf:2    | Found a huge runed gate.
 59348 | Elf:2    | Found a huge runed gate.
 59348 | Elf:2    | Found a huge runed gate.
 59348 | Elf:2    | Found a huge runed gate.
 59348 | Elf:2    | Found a huge runed gate.
 59348 | Elf:2    | Found a huge runed gate.
 59349 | Elf:2    | Found a huge runed gate.
 59350 | Elf:2    | Found a huge runed gate.
 59351 | Elf:2    | Found a huge runed gate.
 59359 | Elf:2    | Found a huge runed gate.
 59359 | Elf:2    | Found a huge runed gate.
 59359 | Elf:2    | Found a huge runed gate.
 59359 | Elf:2    | Found a huge runed gate.
 59359 | Elf:2    | Found a huge runed gate.
 59359 | Elf:2    | Found a huge runed gate.
 59360 | Elf:2    | Found a huge runed gate.
 59361 | Elf:2    | Found a huge runed gate.
 59362 | Elf:2    | Found a huge runed gate.
 59515 | Elf:2    | Identified the +5 scale mail "Fuosej Kipe" {rElec Str+5}
 59517 | Elf:2    | Identified Roxanne's Papyrus of Variation
 59517 | Elf:2    | Noticed Roxanne
 59532 | Elf:2    | Killed Roxanne
 59651 | Elf:2    | Found a huge runed gate.
 59651 | Elf:2    | Found a huge runed gate.
 59760 | Elf:2    | Found a huge runed translucent gate.
 59760 | Elf:2    | Found a huge runed translucent gate.
 59760 | Elf:2    | Found a huge runed translucent gate.
 59762 | Elf:2    | Found a huge runed translucent gate.
 59763 | Elf:2    | Found a huge runed translucent gate.
 60273 | Elf:2    | Received a gift from Okawaru
 60351 | Elf:2    | Reached XP level 25. HP: 262/262 MP: 36/36
 60428 | Elf:3    | Entered Level 3 of the Elven Halls
 60429 | Elf:3    | Paralysed by an air elemental for 1 turns
 60435 | Elf:2    | Paralysed by an air elemental for 1 turns
 60441 | Elf:2    | Paralysed by an air elemental for 1 turns
 60773 | Elf:3    | Identified the ring "Tiullongysm" {rPois MP-9 Str+9 Dex+6
                  | Slay-3}
 60793 | Elf:3    | Reached skill level 23 in Fighting
 60794 | Elf:3    | Identified the ring of Hadea {rPois Str+3 Int+6}
 60812 | Elf:3    | Identified the ring "Xuf Quck" {Str+4 Int+6 Dex+6}
 60946 | Elf:3    | Received a gift from Okawaru
 60991 | Elf:3    | Identified the +8 quarterstaff of the Pyrrhic Victory
                  | {vorpal, rPois Str+3 Int-4}
 61050 | Elf:3    | Found the +1 cloak of Starlight {*Dazzle EV+4 Stlth--}
 61069 | Elf:3    | Got the Precepts of Altered Feathers
 61079 | Elf:3    | Identified the +6 trident "Pierounn" {drain, rElec Str+7}
 61251 | Elf:3    | Found Urekh's Magic Scroll Shoppe.
 61259 | Elf:3    | Bought a scroll of teleportation for 39 gold pieces
 61259 | Elf:3    | Bought a scroll of enchant weapon for 97 gold pieces
 61259 | Elf:3    | Bought a scroll of teleportation for 39 gold pieces
 61259 | Elf:3    | Bought a scroll of fear for 52 gold pieces
 61803 | Zot:1    | Entered Level 1 of the Realm of Zot
 61819 | Zot:1    | Noticed an orb of fire
 61828 | Depths:4 | Gained mutation: You are weak. (Str -2) [an orb of fire]
 61839 | Depths:4 | Gained mutation: Your body sometimes deteriorates upon
                  | taking damage. [an orb of fire]
 61843 | Depths:4 | Gained mutation: Your body often deteriorates upon taking
                  | damage. [an orb of fire]
 61849 | Depths:4 | Killed an orb of fire
 62178 | Zot:1    | Lost mutation: Your body often deteriorates upon taking
                  | damage. [potion of mutation]
 62178 | Zot:1    | Lost mutation: You are weak. (Str -2) [potion of mutation]
 62178 | Zot:1    | Gained mutation: Your tail ends in a venomous barb. [potion
                  | of mutation]
 63274 | Zot:1    | Noticed an orb of fire
 63418 | Zot:1    | Identified the +9 plate armour "Mimesid" {rN+ Str+3}
                  | (Okawaru gifted it to you on level 1 of the Realm of Zot)
 63418 | Zot:1    | Received a gift from Okawaru
 63426 | Zot:1    | Gained mutation: You sometimes lose your temper in combat.
                  | [an orb of fire]
 63427 | Zot:1    | Noticed a shard shrike
 63431 | Zot:1    | Gained mutation: You are weak. (Str -2) [an orb of fire]
 63436 | Depths:4 | Lost mutation: Your tail ends in a venomous barb. [potion
                  | of mutation]
 63436 | Depths:4 | Lost mutation: You sometimes lose your temper in combat.
                  | [potion of mutation]
 63436 | Depths:4 | Gained mutation: You possess an exceptional clarity of
                  | mind. [potion of mutation]
 63681 | Depths:4 | Gained mutation: Your magical capacity is low. (-10% MP)
                  | [an orb of fire]
 63684 | Depths:4 | Killed an orb of fire
 63698 | Zot:1    | Killed a shard shrike
 65102 | Zot:3    | Reached XP level 26. HP: 26/274 MP: 32/33
 66291 | Zot:4    | Received a gift from Okawaru
 67059 | Zot:4    | Identified the +1 ring mail "Binuu" {rN+}
 67280 | Zot:4    | Found a runed translucent gate.
 67280 | Zot:4    | Found a runed translucent gate.
 67280 | Zot:4    | Found a runed translucent gate.
 67439 | Zot:4    | Noticed retardedninja's ghost (legendary HOFi)
 67440 | Zot:4    | Found an opulent altar of Gozag.
 67440 | Zot:4    | Found Roklop's Assorted Antiques.
 67445 | Zot:4    | Found Urghedahu's Assorted Antiques.
 67517 | Zot:4    | Killed retardedninja's ghost
 67517 | Zot:4    | Identified the +5 great mace of Scorn {vorpal, rElec Int+4
                  | Dex-2} (Okawaru gifted it to you on level 4 of the Realm of
                  | Zot)
 67517 | Zot:4    | Received a gift from Okawaru
 67530 | Zot:4    | Reached skill level 15 in Dodging
 67578 | Zot:4    | Bought a scroll of blinking for 240 gold pieces
 67586 | Zot:4    | Bought a scroll of blinking for 202 gold pieces
 67586 | Zot:4    | Bought a scroll of teleportation for 81 gold pieces
 67586 | Zot:4    | Bought a wand of iceblast (8) for 518 gold pieces
 67586 | Zot:4    | Bought 2 potions of attraction for 162 gold pieces
 68537 | Crypt:1  | Entered Level 1 of the Crypt
 68850 | Orc:2    | Bought the ring "Natu" {Fly rN+ Str+3} for 490 gold pieces
 69254 | Crypt:1  | Reached skill level 15 in Evocations
 69357 | Crypt:1  | You are sucked into a shaft and drop 1 floor!
 69603 | Crypt:1  | Acquired the +15 Maxwell's patent armour {-Cast -Tele rElec
                  | Will+ rCorr}
 69603 | Crypt:1  | Found the +15 Maxwell's patent armour {-Cast -Tele rElec
                  | Will+ rCorr}
 69614 | Crypt:1  | Found a runed translucent gate.
 69615 | Crypt:1  | Found a runed translucent gate.
 69615 | Crypt:1  | Found a runed translucent gate.
 69770 | Crypt:1  | Received a gift from Okawaru
 69795 | Crypt:1  | Identified the +2 leather armour of the Griffon {rElec
                  | rPois Str+3}
 70733 | Crypt:3  | Entered Level 3 of the Crypt
 70737 | Crypt:3  | Found a runed translucent door.
 70737 | Crypt:3  | Noticed Houmnergh's ghost (master GnTm)
 70778 | Crypt:3  | Killed Houmnergh's ghost
 70779 | Crypt:3  | Reached XP level 27. HP: 284/284 MP: 33/33
 70888 | Crypt:3  | Found a magical portal.
 70895 | WizLab   | Entered The Chambers of the Cloud Mage
 70900 | WizLab   | Paralysed by an air elemental for 1 turns
 70906 | WizLab   | Paralysed by an air elemental for 1 turns
 70972 | WizLab   | Paralysed by an air elemental for 1 turns
 71018 | WizLab   | Paralysed by an air elemental for 1 turns
 71050 | WizLab   | Paralysed by an air elemental for 1 turns
 71460 | WizLab   | Paralysed by an air elemental for 1 turns
 71483 | WizLab   | Got the Discourse on the Tempest
 71601 | Crypt:3  | Found a staircase to the Tomb.
 71631 | Crypt:3  | Identified the ring of Lust {rPois rF- rN+ Will+ MP+9}
 71806 | Crypt:3  | Reached skill level 24 in Fighting
 71814 | Arena    | Entered the Arena
 71829 | Crypt:3  | Identified the +12 tower shield "Pawunemi" {rPois Dex+2}
                  | (Okawaru gifted it to you on level 3 of the Crypt)
 71829 | Crypt:3  | Received a gift from Okawaru
 72284 | Crypt:3  | Identified the +5 war axe "Ulionk" {freeze, Str+2 SInv
                  | Stlth+}
 72545 | Crypt:3  | Identified the ring of Pygya {*Corrode rN+ Int+2 Stlth+}
 73108 | Slime:1  | Entered Level 1 of the Pits of Slime
 73644 | Slime:4  | Noticed Dissolution
 73657 | Slime:4  | Killed Dissolution
 73661 | Slime:4  | Paralysed by a floating eye for 2 turns
 73890 | Slime:5  | Entered Level 5 of the Pits of Slime
 74011 | Slime:5  | Received a gift from Okawaru
 74055 | Slime:5  | Noticed the Royal Jelly
 74059 | Arena    | Entered the Arena
 74071 | Arena    | Killed the Royal Jelly
 74467 | Slime:5  | Identified the +10 battleaxe "Zetaje" {freeze, rF+ rN+
                  | rCorr Int+9}
 74536 | Slime:5  | Identified the +3 rapier of Unoatuesi {vorpal, *Rage rC+++
                  | Str-2 Stlth+}
 74550 | Slime:5  | Got a slimy rune of Zot
 75145 | Hell     | Entered the Vestibule of Hell
 75145 | Hell     | Noticed Geryon
 75200 | Hell     | Killed Geryon
 75697 | Hell     | Found a gateway to the freezing wastes of Cocytus.
 75796 | Hell     | Found a gateway to the Iron City of Dis.
 75889 | Hell     | Found a gateway to the decaying netherworld of Tartarus.
 75935 | Hell     | Received a gift from Okawaru
 76028 | Hell     | Found a gateway to the ashen valley of Gehenna.
 76094 | Coc:1    | Entered Level 1 of Cocytus
 76101 | Coc:1    | Paralysed by a wendigo for 1 turns
 77366 | Coc:3    | Paralysed by a wendigo for 1 turns
 77605 | Coc:3    | Paralysed by a wendigo for 1 turns
 77647 | Coc:3    | Paralysed by a wendigo for 1 turns
 78196 | Zot:5    | Entered Level 5 of the Realm of Zot
 78525 | Zot:5    | Found a runed translucent gate.
 78525 | Zot:5    | Found a runed translucent gate.
 78525 | Zot:5    | Found a runed translucent gate.
 78528 | Zot:5    | Noticed TheSexyCheese's ghost (legendary HOFi)
 78975 | Zot:5    | Noticed an orb of fire
 78980 | Zot:5    | Gained mutation: You are frail. (-10% HP) [an orb of fire]
 78998 | Zot:5    | Killed an orb of fire
 78999 | Zot:5    | Reached skill level 25 in Fighting
 79002 | Zot:5    | Noticed an orb of fire
 79004 | Zot:5    | Noticed an orb of fire
 79006 | Zot:5    | Gained mutation: You occasionally lose the ability to drink
                  | potions when taking damage. [an orb of fire]
 79249 | Zot:5    | Lost mutation: Your magical capacity is low. (-10% MP)
                  | [potion of mutation]
 79249 | Zot:5    | Lost mutation: Your body sometimes deteriorates upon taking
                  | damage. [potion of mutation]
 79249 | Zot:5    | Lost mutation: You are weak. (Str -2) [potion of mutation]
 79249 | Zot:5    | Gained mutation: You have a pair of small horns on your
                  | head. [potion of mutation]
 79267 | Zot:5    | Lost mutation: You are frail. (-10% HP) [potion of
                  | mutation]
 79267 | Zot:5    | Lost mutation: You have a pair of small horns on your head.
                  | [potion of mutation]
 79267 | Zot:5    | Gained mutation: You are partially covered in iridescent
                  | scales. (AC +2) [potion of mutation]
 79267 | Zot:5    | Gained mutation: Your tail ends in a venomous barb. [potion
                  | of mutation]
 79312 | Zot:5    | Received a gift from Okawaru
 79343 | Zot:5    | Killed TheSexyCheese's ghost
 79351 | Zot:5    | Identified the ring "Fajacliw" {Wiz rF+ MP+9 Int+2 Dex+3}
 79478 | Zot:5    | Lost mutation: You possess an exceptional clarity of mind.
                  | [an orb of fire]
 79480 | Zot:5    | Gained mutation: You occasionally shout uncontrollably at
                  | your foes. [an orb of fire]
 79485 | Zot:5    | Killed an orb of fire
 79508 | Zot:5    | Gained mutation: Your magical capacity is low. (-10% MP)
                  | [an orb of fire]
 79515 | Zot:5    | Gained mutation: Your magical capacity is very low. (-20%
                  | MP) [an orb of fire]
 79519 | Zot:5    | Killed an orb of fire
 79805 | Zot:5    | Noticed an orb of fire
 79805 | Zot:5    | Noticed an orb of fire
 79806 | Zot:5    | Gained mutation: Your magical capacity is extremely low.
                  | (-30% MP) [an orb of fire]
 79807 | Zot:5    | Noticed an orb of fire
 79807 | Zot:5    | Gained mutation: Your spells are a little easier to cast,
                  | but a little less powerful. [an orb of fire]
 79807 | Zot:5    | Gained mutation: Your skin changes colour to match your
                  | surroundings (Stealth+). [an orb of fire]
 79808 | Zot:5    | Gained mutation: You can exhale a cloud of poison. [an orb
                  | of fire]
 79808 | Zot:5    | Gained mutation: You occasionally lose the ability to read
                  | scrolls when taking damage. [an orb of fire]
 79808 | Zot:5    | Noticed a dread lich
 79809 | Zot:5    | Gained mutation: You are clumsy. (Dex -2) [an orb of fire]
 79825 | Zot:5    | Gained mutation: You are very clumsy. (Dex -4) [an orb of
                  | fire]
 79829 | Zot:5    | Gained mutation: Potions are less effective at restoring
                  | your health. [an orb of fire]
 79829 | Zot:5    | Gained mutation: Your spells are easier to cast, but less
                  | powerful. [an orb of fire]
 79830 | Zot:5    | Killed a dread lich
 79835 | Zot:5    | Killed an orb of fire
 79836 | Zot:5    | Gained mutation: You are dopey. (Int -2) [an orb of fire]
 79846 | Zot:5    | Gained mutation: You sometimes lose the ability to read
                  | scrolls when taking damage. [an orb of fire]
 79847 | Zot:5    | Killed an orb of fire
 79872 | Zot:5    | Lost mutation: Potions are less effective at restoring your
                  | health. [potion of mutation]
 79872 | Zot:5    | Lost mutation: You occasionally shout uncontrollably at
                  | your foes. [potion of mutation]
 79872 | Zot:5    | Lost mutation: Your tail ends in a venomous barb. [potion
                  | of mutation]
 79872 | Zot:5    | Gained mutation: You are strong-willed. (Will+) [potion of
                  | mutation]
 79873 | Zot:5    | Lost mutation: You are dopey. (Int -2) [potion of mutation]
 79873 | Zot:5    | Lost mutation: You are very clumsy. (Dex -4) [potion of
                  | mutation]
 79873 | Zot:5    | Lost mutation: Your spells are easier to cast, but less
                  | powerful. [potion of mutation]
 79873 | Zot:5    | Gained mutation: You are somewhat resistant to further
                  | mutation. [potion of mutation]
 79874 | Zot:5    | Lost mutation: You are somewhat resistant to further
                  | mutation. [potion of mutation]
 79874 | Zot:5    | Lost mutation: Your skin changes colour to match your
                  | surroundings (Stealth+). [potion of mutation]
 79874 | Zot:5    | Lost mutation: You are strong-willed. (Will+) [potion of
                  | mutation]
 79874 | Zot:5    | Lost mutation: Your spells are a little easier to cast, but
                  | a little less powerful. [potion of mutation]
 79874 | Zot:5    | Gained mutation: You are mostly covered in iridescent
                  | scales. (AC +4) [potion of mutation]
 79874 | Zot:5    | Gained mutation: You are completely covered in iridescent
                  | scales. (AC +6) [potion of mutation]
 79875 | Zot:5    | Lost mutation: You occasionally lose the ability to drink
                  | potions when taking damage. [potion of mutation]
 79875 | Zot:5    | Lost mutation: You are clumsy. (Dex -2) [potion of
                  | mutation]
 79875 | Zot:5    | Gained mutation: Your muscles are strong. (Str +4, Int/Dex
                  | -1) [potion of mutation]
 79876 | Zot:5    | Lost mutation: Your muscles are strong. (Str +4, Int/Dex
                  | -1) [potion of mutation]
 79876 | Zot:5    | Lost mutation: Your magical capacity is extremely low.
                  | (-30% MP) [potion of mutation]
 79876 | Zot:5    | Lost mutation: You can exhale a cloud of poison. [potion of
                  | mutation]
 79877 | Zot:5    | Lost mutation: Your magical capacity is very low. (-20% MP)
                  | [potion of mutation]
 79877 | Zot:5    | Lost mutation: You are completely covered in iridescent
                  | scales. (AC +6) [potion of mutation]
 79877 | Zot:5    | Gained mutation: Your spells are a little harder to cast,
                  | but a little more powerful. [potion of mutation]
 79878 | Zot:5    | Lost mutation: Your magical capacity is low. (-10% MP)
                  | [potion of mutation]
 79878 | Zot:5    | Lost mutation: You sometimes lose the ability to read
                  | scrolls when taking damage. [potion of mutation]
 79878 | Zot:5    | Lost mutation: You occasionally lose the ability to read
                  | scrolls when taking damage. [potion of mutation]
 79878 | Zot:5    | Gained mutation: You are dopey. (Int -2) [potion of
                  | mutation]
 79878 | Zot:5    | Gained mutation: You possess an exceptional clarity of
                  | mind. [potion of mutation]
 79878 | Zot:5    | Gained mutation: Your tail ends in a venomous barb. [potion
                  | of mutation]
 79963 | Zot:5    | Noticed an ancient lich
 79968 | Zot:5    | Killed an ancient lich
 80020 | Zot:5    | Got the Orb of Zot
 80099 | Zot:3    | Noticed Veufog the pandemonium lord
 80135 | Zot:2    | Noticed Zostreav the pandemonium lord
 80135 | Zot:2    | Noticed Hebleat the pandemonium lord
 80348 | D:12     | Received a gift from Okawaru
 80494 | D:5      | Noticed Voofauv the pandemonium lord
 80501 | D:5      | Killed Voofauv the pandemonium lord
 80731 | D:1      | Noticed Quxtyjur the pandemonium lord
 80745 | D:1      | Killed Quxtyjur the pandemonium lord
 80791 | D:1      | Gained mutation: You are frail. (-10% HP) [a neqoxec]
 80859 | D:1      | Noticed Narocsi the pandemonium lord
 80869 | D:1      | Killed Narocsi the pandemonium lord
 81098 | D:1      | Noticed Tiys the pandemonium lord
 81110 | D:1      | Killed Tiys the pandemonium lord
 81358 | D:1      | Noticed Gestroac the pandemonium lord
 81365 | D:1      | Killed Gestroac the pandemonium lord
 81501 | D:1      | Noticed Arhug the pandemonium lord
 81510 | D:1      | Killed Arhug the pandemonium lord
 81894 | D:$      | Escaped with the Orb!

Illustrated notes

Levels and vault maps discovered:
D:1:      onia_arrival_pyramid, layout_loops_ring
D:2:      layout_rooms, uniq_robin
D:3:      layout_loops_ring, mainiacjoe_overflow_paths,
          chequers_temple_overflow_statue_of_worship,
          hellmonk_ecumenical_altar_heavens_door, uniq_natasha, uniq_jessica
D:4:      layout_rooms, portal_sewer_entry_b
D:5:      layout_cave_pods, minmay_temple_entry_trees
D:6:      layout_cave_pools, nicolae_uskayaw_dance_studio, lemuel_round_altar,
          chequers_serial_rivers_micro_e, uniq_pikel
D:7:      layout_basic, mainiacjoe_overflow_tiny_flanked,
          hangedman_abyss_or_decor_lesser_grid, serial_bayou_ford_a,
          minmay_misc_feat_roman
D:8:      layout_basic, david_lair_generic, serial_shops, kennysheep_mini,
          uniq_erica, uniq_amaemon, uniq_gastronok, uniq_grum
D:9:      cheibrodos_wizards_tower, layout_cross, uniq_joseph
D:10:     layout_loops_corners, mainiacjoe_overflow_alcove_1,
          mainiacjoe_overflow_alcove_2, uniq_urug
D:11:     layout_loops_cross, david_orc_2, uniq_snorg, uniq_josephine,
          uniq_fannar
D:12:     layout_long_grid, serial_park_tiny_1,
          nicolae_gozag_conspicuous_consumption
D:13:     layout_loops_ring, uniq_maurice, uniq_sonja, uniq_kirke
D:14:     layout_loops_corners, david_vaults_1, kennysheep_cross_landing,
          serial_bayou, serial_bayou_pond_e, serial_bayou_pond_b,
          serial_bayou_pond_a, serial_bayou_lagoon_a,
          nicolae_yredelemnul_corpse_copse, uniq_azrael
D:15:     grunt_enter_depths_magical_seal, layout_rooms,
          nicolae_qazlal_scattered_showers, minmay_guarded_unrand_variability
Temple:   minmay_temple_curvy_branch
Lair:1:   layout_cave_pods, gammafunk_ghost_grave, st_stairs_7,
          nicolae_lair_run_with_the_wolves, serial_bayou_shore_b
Lair:2:   layout_gridlike, grunt_megastairs_5
Lair:3:   layout_long_grid, shoals_dummy_entry,
          minmay_snake_entry_guardpost_small, special_room
          [special_room_mythical_zoo], nicolae_quartered_pool_super,
          fungi_pond_lemuel
Lair:4:   layout_cave_shapes, dpeg_slime_entry_corner, gauntlet_entry_generic
Lair:5:   guppyfry_lair_end_dragon, layout_small_grid,
          hangedman_lair_tendril_chambers, hangedman_lair_generics_rect,
          infiniplex_staircase_pool_2
Shoals:1: layout_shoals, wheals_shoals_ruined_temple, uniq_nikola
Shoals:2: layout_shoals, ebering_ghost_reflecting_pool
Shoals:3: layout_shoals, lemuel_centaur_altar
Shoals:4: shoals_end_grunt_ice, layout_shoals, shoal_ilsuiw, serial_shops,
          nicolae_shop_hallway_stairs, nicolae_shop_gadgets, uniq_mlioglotl,
          uniq_polyphemus
Snake:1:  layout_grid_shapes, basic_altar, hangedman_snake_corridor_cut,
          serial_bayou_shore_a, nicolae_triple_integral, minmay_shop_star
Snake:2:  layout_misc_corridors
Snake:3:  layout_layer_cave, serial_shops, nicolae_lakefront_shop
Snake:4:  grunt_snake_rune_serpentine_throne, layout_cave_town,
          grunt_megastairs_4
Slime:1:  nicolae_slime_pool, layout_caves
Slime:2:  layout_caves, nicolae_slime_barrier
Slime:3:  layout_caves
Slime:4:  layout_caves, dissolution_awaits
Slime:5
Orc:1:    layout_caves
Orc:2:    pf_orc_diabolical, layout_diamond_mine
Elf:1:    layout_gridlike, portal_ice_cave_entry_pillars_1, orc_legates
Elf:2:    elven_hall_of_blades_hangedman_alternative [grunt_blade_entry_basic],
          layout_gridlike, door_vault, uniq_roxanne
Elf:3:    minmay_elf_hall_quartered_circle, layout_loops_ring, serial_shops,
          nicolae_shop_crystal
Vaults:1: nicolae_vaults_quartermaster, nicolae_vaults_theta,
          nicolae_vaults_big_angled_halls, nicolae_vaults_circle_grid_b,
          hangedman_vaults_nails, nicolae_vaults_disjoint_gnomons,
          nicolae_vaults_mini_display_case, v_misc_30, v_alt_pattern_6,
          layout_vaults_omnigrid
Vaults:2: hellmonk_ghost_big_iron, v_misc_30, nicolae_vaults_murderbox,
          v_pattern_5, v_rooms_4, ontoclasm_vaults_tryst,
          vaults_standard_mumra_x, nicolae_vaults_little_squares_6,
          vaults_room_pools, v_misc_18, vaults_room_pools,
          minmay_crypt_entry_simple_statues, vaults_mumra_chevron_long,
          ontoclasm_vaults_idyll, layout_vaults_omnicross
Vaults:3: grunt_vaults_bifocal, special_room_vaults [special_room_orc],
          ontoclasm_vaults_loading_screen, nicolae_vaults_specimen_jars,
          hangedman_vaults_snaps, vaults_room_pools, vaults_room_door_ring,
          layout_vaults_chaotic_city
Vaults:4: gammafunk_ghost_tricky_traps, hangedman_vaults_maws, v_misc_1,
          hangedman_vaults_slice, nicolae_vaults_yaktaur_gun_rack,
          ontoclasm_vaults_misaligned, hangedman_vaults_trim, v_misc_1,
          vaults_dpeg_ring, nicolae_vaults_little_squares_5, v_alt_pattern_1,
          ontoclasm_vaults_decontamination, layout_vaults_maze_bifur,
          uniq_donald
Vaults:5
Crypt:1:  layout_rooms, pandoras_box_mu
Crypt:2:  layout_basic, grunt_megastairs_2
Crypt:3:  due_elkab, layout_chaotic_city, infiniplex_enter_wizlab_spiral,
          gammafunk_ghost_grave
Depths:1: layout_cave_shapes, abyss_entry, hangedman_geh_valley,
          roderic_roman_lattice, patterned_corridor
Depths:2: kennysheep_bubble_arena, layout_cave_pools, dk_noncrumbling_3,
          enter_trove_5, rand_demon_pan_entry_7, pf_coc_iceberg,
          lemuel_zombie_altar_kikubaaqudgha
Depths:3: minmay_the_grid_octo_2x2 [minmay_the_grid_octo_clover,
          minmay_the_grid_octo_fan_narrow, minmay_the_grid_octo_tetromino_candy,
          minmay_the_grid_octo_prize_big_c], layout_long_grid,
          minmay_room_of_horrors, hell_entry, grunt_pan_entry_in_and_out,
          fedhas_altar_fruit_tree
Depths:4: grunt_zot_entry_bicorn, layout_honeycomb, enter_ziggurat_e,
          serial_shops, bzr_in_the_mist, hellmouth_1
Hell
Coc:1:    layout_ice_bergs
Coc:2:    layout_cocytus_delve
Coc:3:    layout_cocytus_water_paths
Coc:4:    layout_ice_bergs
Zot:1:    layout_misc_corridors, hangedman_elemental_grid_stream
Zot:2:    layout_gridlike, hangedman_hellfire_club
Zot:3:    layout_onion_interference, grunt_ministairs_9
Zot:4:    layout_gridlike, ebering_ghost_gozag
Zot:5:    layout_cellular_growth, gammafunk_ghost_ooze, grunt_ministairs_10

Skill      XL: |  1  2  3  4  5  6  7  8  9 10 11 12 13 14 15 16 17 18 19 20 21 22 23 24 25 26 27 |
---------------+----------------------------------------------------------------------------------+-----
Invocations    | 1 2 3 4 5 7 8 9 10 11 12 13 14 15 16 17 18 19 20 21 | 21.0
Shields        | 3 4 5 6 7 8 9 10 11 12 13 14 15 16 17 19 20 21 | 21.2
Fighting       | 4 5 7 8 10 11 12 14 15 16 17 18 19 20 21 22 23 25 | 25.6
Armour         | 3 4 5 6 7 8 9 10 11 12 13 14 15 16 18 | 18.6
Maces & Flails | 3 4 6 7 8 9 10 11 12 13 14 15 20 | 20.0
Evocations     | 2 4 6 8 9 10 11 12 13 14 15 18 | 18.4
Dodging        | 4 9 12 13 14 15 17 | 17.6

Action                   |  1- 3 |  4- 6 |  7- 9 | 10-12 | 13-15 | 16-18 | 19-21 | 22-24 | 25-27 || total
-------------------------+-------+-------+-------+-------+-------+-------+-------+-------+-------++-------
Melee: Flail             |    79 |    97 |       |       |       |       |       |       |       ||   176
       Whip              |       |    88 |   449 |   195 |       |       |       |    24 |       ||   756
       Demon whip        |       |       |       |   664 |   969 |  1122 |  1746 |  1766 |  2151 ||  8418
       Constrict         |       |       |       |       |   216 |   304 |   372 |   333 |   452 ||  1677
       Eveningstar       |       |       |       |       |     4 |    32 |       |       |  1492 ||  1528
Invok: Heroism           |       |       |       |    10 |     5 |     6 |    16 |     5 |    28 ||    70
       Finesse           |       |       |       |     1 |       |     2 |     2 |     2 |    11 ||    18
       Duel              |       |       |       |       |       |     3 |     1 |       |     2 ||     6
 Abil: Spit Poison       |    12 |    17 |    28 |    27 |     1 |     2 |       |       |       ||    87
Evoke: Wand              |       |       |     3 |    16 |     1 |     5 |     5 |     5 |    10 ||    45
       Tin of tremorston |       |       |       |       |       |     3 |     4 |     5 |    15 ||    27
       Condenser vane    |       |       |       |       |       |       |     3 |     2 |     3 ||     8
  Use: Potion            |     4 |       |     3 |     9 |     1 |       |       |     1 |    22 ||    40
       Scroll            |     3 |     8 |     7 |    14 |     9 |     4 |     2 |    17 |    25 ||    89
 Stab: Invisible         |       |       |       |     2 |       |       |       |       |    30 ||    32
       Distracted        |       |       |       |       |    10 |    23 |    31 |    41 |     5 ||   110
       Petrified         |       |       |       |       |       |       |     9 |       |       ||     9
       Petrifying        |       |       |       |       |       |       |     1 |     1 |       ||     2
       Confused          |       |       |       |       |       |       |       |       |     1 ||     1
Armor: Scale mail        |    54 |   103 |     9 |       |       |   552 |   749 |   568 |       ||  2035
       Plate armour      |       |       |   282 |   412 |   617 |   172 |       |       |       ||  1483
       Crystal plate arm |       |       |       |       |       |       |       |   311 |    80 ||   391
       Gold dragon scale |       |       |       |       |       |       |       |       |  1220 ||  1220
Dodge: Dodged            |    36 |    65 |    79 |   154 |   103 |   162 |   231 |   384 |  1456 ||  2670
       Repelled          |       |     2 |     5 |     1 |     4 |    16 |     5 |    16 |     6 ||    55
Block: Buckler           |    27 |    45 |    14 |       |       |       |       |       |       ||    86
       Kite shield       |       |       |   186 |   412 |   485 |   593 |   210 |       |       ||  1886
       Tower shield      |       |       |       |       |       |       |   891 |  1491 |  4578 ||  6960
